 Dungeon Crawl Stone Soup version 0.31.0-11-ge490571c62 (webtiles) character file.

Game seed: 1306343690193169816

1241 SnakkuSnakku7 the Shooter (level 8, -5/57 HPs)
             Began as a Merfolk Conjurer on Feb 1, 2024.
             Was an Initiate of Dithmenos.
             Killed from afar by a steam dragon (17 damage)
             ... with a ball of steam
             ... on level 5 of the Dungeon.
             The game lasted 00:09:30 (5390 turns).

SnakkuSnakku7 the Shooter (Merfolk Conjurer)        Turns: 5390, Time: 00:09:30

Health: -5/57      AC:  8    Str:  9    XL:     8   Next: 49%
Magic:  11/11      EV: 12    Int: 17    God:    Dithmenos [......]
Gold:   294        SH:  5    Dex: 13    Spells: 10/11 levels left

rFire   . . .        a - +2 orcbow
rCold   . . .        (shield currently unavailable)
rNeg    . . .        t - +3 leather armour
rPois   .            (no helmet)
rElec   .            (no cloak)
rCorr   .            i - +1 pair of gloves
SInv    .            (no boots)
Will    .....        v - amulet of reflection
Stlth   ++           (no ring)
HPRegen 0.29/turn    (no ring)
MPRegen 0.12/turn

%: reflection
@: no status effects
A: (nimble swimmer 2), mertail
a: Renounce Religion


You were on level 5 of the Dungeon.
You worshipped Dithmenos.
Dithmenos was noncommittal.
You visited 1 branch of the dungeon, and saw 6 of its levels.

You collected 294 gold pieces.

Inventory:

Hand Weapons
 a - a +2 orcbow (weapon)
 c - a +0 short sword
Missiles
 j - 12 poisoned darts
Armour
 i - a +1 pair of gloves (worn)
 l - a +0 robe
 o - the +3 scale mail of Sewock {Dex+2}
   (You found it on level 4 of the Dungeon)

   Dex+2:     It affects your dexterity (+2).
 t - a +3 leather armour (worn)
Jewellery
 v - an amulet of reflection (around neck)
Wands
 f - a wand of polymorph (18)
Scrolls
 g - a scroll of fear {unknown}
 h - 2 scrolls of blinking {unknown}
 k - a scroll of amnesia
 n - 2 scrolls of teleportation {unknown}
 p - a scroll of fog {unknown}
 q - a scroll of enchant armour
 r - a scroll of butterflies
 s - a scroll of vulnerability {unknown}
Potions
 b - 2 potions of magic
 d - a potion of brilliance
 e - a potion of curing
 m - a potion of haste {unknown}
 u - 2 potions of berserk rage {unknown}


   Skills:
 - Level 2.4 Fighting
 + Level 7.8 Ranged Weapons
 - Level 1.7 Throwing
 - Level 2.6 Dodging
 - Level 2.1 Stealth
 - Level 2.0 Spellcasting
 - Level 3.2 Conjurations


You had 10 spell levels left.
You knew the following spells:

 Your Spells              Type           Power      Damage    Failure   Level
a - Magic Dart            Conj           48%        1d5       7%          1

Your spell library contained the following spells:

 Spells                   Type           Power      Damage    Failure   Level
 Searing Ray              Conj           24%        2d5       11%         2
 Jinxbite                 Hex            2%         N/A       38%         2
 Summon Ice Beast         Ice/Summ       1%         N/A       63%         3
 Volatile Blastmotes      Fire/Tloc      2%         2d10      63%         3
 Fulminant Prism          Conj/Alch      3%         3d5       80%         4
 Iskenderun's Mystic Bla  Conj/Tloc      7%         2d4       80%         4
 Summon Mana Viper        Hex/Summ       1%         N/A       100%        5
 Yara's Violent Unravell  Hex/Alch       0%         3d3       100%        5
 Enfeeble                 Hex            0%         N/A       100%        7
 Monstrous Menagerie      Summ           0%         N/A       100%        7


Dungeon Overview and Level Annotations

Branches:
Dungeon (6/15)
 Temple: D:4-7

Altars:
Cheibriados
Dithmenos
Fedhas
Gozag
Hepliaklqana

Shops:
D:4 [

Annotations:
D:5 Pikel


Innate Abilities, Weirdness & Mutations

((You are very nimble when in or above water. (Stealth+, EV+, Speed+++)))
Your lower body shifts to a powerful aquatic tail in water.


Message History

The steam dragon closely misses you. You block the steam dragon's attack.
Fire: a) +2 orcbow
Press: ? - help, Q - select action, (/) - cycle Shift-Dir - straight line, f/p - steam dragon
Aim: a steam dragon (moderately wounded, catching its breath, 57% to hit)
You shoot an arrow. The arrow hits the steam dragon.
The steam dragon is moderately wounded.
You are engulfed in a cloud of scalding steam.
The steam dragon barely misses you.
The steam dragon claws you but does no damage.
Fire: a) +2 orcbow
Press: ? - help, Q - select action, (/) - cycle Shift-Dir - straight line, f/p - steam dragon
Aim: a steam dragon (moderately wounded, catching its breath, 57% to hit)
You shoot an arrow. The arrow hits the steam dragon!
The steam dragon is severely wounded.
You are engulfed in a cloud of scalding steam.
The steam dragon bites you but does no damage.
The steam dragon claws you but does no damage.
Fire: a) +2 orcbow
Press: ? - help, Q - select action, (/) - cycle Shift-Dir - straight line, f/p - steam dragon
Aim: a steam dragon (severely wounded, catching its breath, 57% to hit)
You shoot an arrow. The arrow hits the steam dragon.
The steam dragon is severely wounded.
You are engulfed in a cloud of scalding steam.
You block the steam dragon's attack.
The steam dragon claws you but does no damage.
The steam dragon bites you but does no damage.
The steam dragon claws you but does no damage.
Fire: a) +2 orcbow
Press: ? - help, Q - select action, (/) - cycle Shift-Dir - straight line, f/p - steam dragon
Aim: a steam dragon (severely wounded, 57% to hit)
You shoot an arrow.
The arrow hits the steam dragon but does no damage.
The steam dragon is severely wounded.
The steam dragon breathes steam at you. The ball of steam hits you!
* * * LOW HITPOINT WARNING * * *
The steam dragon closely misses you. The steam dragon completely misses you.
The steam dragon breathes steam at you. The ball of steam hits you!
You die...

#......# #......# ###
####......########.#
...................#
####......########.#
.....#############.#######
............§.§§§D>##....#
.....############§#......# ..(..#
###.@.#......# .....#
#...###...[..# .....# ##.###
#....### ###### #..# #....# ###
#####'######....# #.. #
#.........##....# #.# #
#####.##......##....# #.# ##
#(....##......##....########.#
.###.######......##..<..........#


You could see a steam dragon (catching breath).

Vanquished Creatures
  Grinder (D:4)
  Sigmund (D:2)
  Menkaure (D:6)
  An ogre (D:5)
  2 lemures
  A phantom (D:6)
  A bullfrog (D:5)
  2 scorpions
  2 hounds (D:5)
  A gnoll bouda (D:3)
  9 gnolls
  10 adders
  3 dart slugs
  2 ribbon worms
  An orc (D:5)
  2 ball pythons
  4 endoplasms
  A giant cockroach (D:4)
  7 goblins
  5 hobgoblins
  3 quokkas
  2 bats
  3 frilled lizards
  7 kobolds
  2 rats
74 creatures vanquished.

Vanquished Creatures (others)
  A sky beast (D:6)
1 creature vanquished.

Grand Total: 75 creatures vanquished

Notes
Turn   | Place    | Note
-------+----------+-------------------------------------------
     0 | D:1      | SnakkuSnakku7 the Merfolk Conjurer began the quest for the
                  | Orb.
     0 | D:1      | Reached XP level 1. HP: 13/13 MP: 3/3
    45 | D:1      | Found a faded altar of an unknown god.
   117 | D:1      | Reached skill level 1 in Fighting
   166 | D:1      | Reached XP level 2. HP: 15/22 MP: 1/5
   685 | D:2      | Reached skill level 1 in Throwing
   685 | D:2      | Reached XP level 3. HP: 28/28 MP: 1/6
   920 | D:2      | Noticed Sigmund
   977 | D:2      | Reached skill level 1 in Ranged Weapons
   977 | D:2      | Reached XP level 4. HP: 34/34 MP: 1/7
  1249 | D:3      | Reached skill level 2 in Ranged Weapons
  1252 | D:3      | Found a shadowy altar of Dithmenos.
  1291 | D:3      | Became a worshipper of Dithmenos the Shadowed
  1342 | D:3      | Found a snail-covered altar of Cheibriados.
  1960 | D:3      | Reached XP level 5. HP: 37/39 MP: 8/8
  2053 | D:4      | Reached skill level 3 in Ranged Weapons
  2189 | D:3      | Learned a level 1 spell: Magic Dart
  2752 | D:4      | Noticed Grinder
  3073 | D:4      | Reached skill level 4 in Ranged Weapons
  3073 | D:4      | Reached XP level 6. HP: 41/46 MP: 9/9
  3101 | D:4      | Identified the +3 scale mail of Sewock {Dex+2}
  3254 | D:4      | Found Egara's Dragon-Slaying Spoils.
  3416 | D:4      | Found a hazy altar of Hepliaklqana.
  3574 | D:5      | Entered Level 5 of the Dungeon
  3705 | D:5      | Noticed Pikel
  4134 | D:6      | Noticed Menkaure
  4139 | D:6      | Killed Menkaure
  4140 | D:6      | Reached skill level 5 in Ranged Weapons
  4140 | D:6      | Reached XP level 7. HP: 51/51 MP: 10/10
  4221 | D:6      | Found a blossoming altar of Fedhas.
  4311 | D:6      | Noticed a steam dragon
  4313 | D:6      | Reached skill level 6 in Ranged Weapons
  4521 | D:2      | Killed Sigmund
  4522 | D:2      | Reached XP level 8. HP: 39/57 MP: 11/11
  4611 | D:4      | Paralysed by Grinder for 5 turns
  4617 | D:4      | Killed Grinder
  4618 | D:4      | Reached skill level 7 in Ranged Weapons
  4916 | D:5      | Found an opulent altar of Gozag.
  5390 | D:5      | Killed from afar by a steam dragon

Illustrated notes

Levels and vault maps discovered:
D:1:      matt_arrival_los_fun, layout_basic,
          ebering_ecumenical_altar_petrified, serial_bayou_lake_a
D:2:      layout_rooms, uniq_sigmund
D:3:      layout_loops_ring, nicolae_dithmenos_the_darkroom,
          lemuel_crystal_altar, serial_glass, glass_columns_a, glass_columns_b
D:4:      layout_loops_cross, worldfamousw_hep_ancestral_shrine,
          minmay_misc_feat_alley, st_stairs_9, nicolae_shop_dragon_depot,
          uniq_grinder
D:5:      layout_basic, nicolae_gozag_seed_capital, uniq_pikel
D:6:      layout_cave_pools, fedhas_altar_2, eat_drink_and_be_merry_uskayaw,
          general_overflow_altar, jmf_multi_god_temple, minivault_1,
          uniq_menkaure

Skill      XL: |  1  2  3  4  5  6  7  8 |
---------------+-------------------------+-----
Fighting       | 1 2 |  2.4
Throwing       | 1 |  1.7
Ranged Weapons | 1 2 4 5 6 7 |  7.8
Dodging        | |  2.6
Stealth        | |  2.1
Spellcasting   | |  2.0
Conjurations   | |  3.2

Action                     |  1- 3 |  4- 6 |  7- 9 || total
---------------------------+-------+-------+-------++-------
  Melee: Short sword       |    31 |       |       ||    31
         Unarmed           |     1 |     6 |       ||     7
         Tailslap          |     3 |       |       ||     3
   Fire: Orcbow            |    15 |   196 |    99 ||   310
  Throw: Dart              |       |     5 |     3 ||     8
   Cast: Magic Dart        |    33 |     4 |       ||    37
    Use: Scroll            |       |    10 |       ||    10
         Potion            |       |     4 |       ||     4
 Armour: Robe              |     9 |       |       ||     9
         Leather armour    |    10 |   104 |    62 ||   176
         Skin              |       |    19 |       ||    19
  Dodge: Dodged            |    22 |   119 |    52 ||   193
  Block: Other             |       |       |     4 ||     4
